AoeStats
← jhonskull87

Arena

510106562Analyzed
4v4 RM · 4d ago on Sep 29, 2026· 52m 19s· 8 players
Game mode
Random Map
Map size
Large (8 player)
Population
200
Speed
Normal
Resources
Standard
Victory
Conquest
Starting age
Dark Age
Ending age
Imperial Age
RankedLock teamsTeams togetherTeam positionsShared explorationLock speedFull tech treeHidden civsTurbo modeCheats
Victory
Defeat
🇬🇧 Bulgarians · United Kingdom
809
+14
🇨🇳 Vietnamese · China
742
+17
🇨🇦 Khmer · Canada
717
+18
🇲🇽 Persians · Mexico
689
+19
🇨🇳 Danes · China
824
-20
🇮🇳 Georgians · India
804
-19
🇨🇳 Tatars · China
720
-15
🇰🇷 Japanese · South Korea
689
-14
ISpillTheCoffee
0:34 Loom
11:31 Feudal Age
11:21 Loom
12:10 Town Watch
12:35 Stone Mining
13:26 Gold Mining
20:02 Forging
19:54 Scale Mail Armor
19:50 Fletching
21:14 Arson
27:57 Wheelbarrow
32:46 Castle Age
32:17 Horse Collar
32:49 Scale Barding Armor
34:51 Iron Casting
35:56 Chain Barding Armor
36:37 Chain Mail Armor
37:59 Gold Shaft Mining
37:27 Heavy Plow
37:37 Husbandry
37:47 Bloodlines
38:30 Squires
The_Lumberjack
13:38 Feudal Age
19:35 Castle Age
18:43 Stone Mining
18:39 Horse Collar
18:48 Double-Bit Axe
19:44 Gold Mining
23:15 Bow Saw
23:12 Heavy Plow
25:56 Gold Shaft Mining
30:21 Wheelbarrow
34:13 Imperial Age
31:31 Town Watch
31:33 Loom
33:11 Hand Cart
33:08 Tusk Swords
34:28 Capped Ram
36:56 Elite Skirmisher
38:34 Conscription
38:15 Double Crossbow
40:48 Elite Battle Elephant
40:59 Imperial Skirmisher
42:52 Light Cavalry
43:43 Bloodlines
43:33 Husbandry
44:19 Hussar
45:04 Pikeman
48:36 Halberdier
52:17 Scale Barding Armor
52:12 Scale Mail Armor
52:23 Forging
52:15 Fletching
52:25 Padded Archer Armor
jhonskull87
11:14 Loom
13:22 Feudal Age
17:07 Double-Bit Axe
17:06 Horse Collar
19:29 Wheelbarrow
21:32 Forging
21:13 Fletching
21:25 Padded Archer Armor
25:11 Castle Age
24:48 Bloodlines
26:15 Crossbowman
27:01 Thumb Ring
33:37 Heavy Plow
33:50 Bow Saw
36:46 Hand Cart
39:09 Gold Mining
40:41 Iron Casting
40:02 Bodkin Arrow
41:00 Stone Mining
41:16 Elite Skirmisher
44:57 Scale Barding Armor
46:54 Gold Shaft Mining
51:03 Kamandaran
JOE
0:32 Loom
11:08 Feudal Age
17:35 Castle Age
16:22 Horse Collar
16:30 Double-Bit Axe
16:56 Stone Mining
18:34 Wheelbarrow
19:10 Bow Saw
26:29 Heavy Plow
26:57 Elite Skirmisher
28:54 Hand Cart
34:04 Imperial Age
32:11 Treadmill Crane
32:52 Ballistics
33:58 Padded Archer Armor
33:48 Fletching
34:39 Gold Mining
34:18 Imperial Skirmisher
35:32 Paper Money
35:43 Leather Archer Armor
35:24 Bodkin Arrow
36:40 Masonry
37:31 Chemistry
38:56 Ring Archer Armor
38:27 Bracer
43:02 Chatras
43:53 Scale Barding Armor
43:59 Forging
44:44 Husbandry
44:55 Bloodlines
44:06 Elite Battle Elephant
44:12 Elite Battle Elephant
46:22 Crop Rotation
46:58 Two-Man Saw
47:15 Chain Barding Armor
47:31 Iron Casting
46:20 Elite Rattan Archer
49:27 Caravan
redpodo
13:36 Feudal Age
13:13 Loom
15:14 Wheelbarrow
14:25 Town Watch
15:59 Man-at-Arms
17:44 Arson
24:28 Padded Archer Armor
24:33 Scale Barding Armor
24:29 Scale Mail Armor
28:13 Double-Bit Axe
31:28 Horse Collar
31:58 Gold Mining
31:59 Stone Mining
44:22 Castle Age
43:26 Bloodlines
44:09 Fletching
45:51 Elite Skirmisher
46:38 Crossbowman
47:30 Squires
菜鸟驿站
3:52 Loom
12:37 Feudal Age
13:10 Horse Collar
13:19 Double-Bit Axe
18:50 Castle Age
17:18 Gold Mining
17:19 Stone Mining
18:22 Man-at-Arms
30:13 Fortified Wall
30:04 Crossbowman
35:03 Imperial Age
37:41 Elite Steppe Lancer
38:35 Bloodlines
39:41 Chemistry
38:54 Masonry
38:41 Murder Holes
39:08 Ballistics
40:36 Light Cavalry
JiFa
10:54 Feudal Age
10:57 Loom
13:15 Horse Collar
13:21 Double-Bit Axe
20:32 Castle Age
18:33 Stone Mining
19:22 Gold Mining
22:25 Bow Saw
22:19 Heavy Plow
23:26 Forging
23:16 Scale Mail Armor
23:55 Squires
23:40 Arson
26:11 Chain Mail Armor
30:43 Iron Casting
29:33 Hamask
34:17 Imperial Age
35:01 Onager
35:01 Capped Ram
36:15 Conscription
41:53 Elite Varangian Guard
50:13 Siege Onager
vlelouch123
Connection lost

Rejoining the realm…

Still unreachable

The connection could not be restored.

Session expired

The server has moved on; the page needs a fresh start.